 Dungeon Crawl Stone Soup version 0.30.0-15-g856e2d3f33 (webtiles) character file.

Game seed: 6985520592825884098

4 Warped the Shield-Bearer (level 1, -21/11 HPs)
             Began as a Vine Stalker Fighter on May 19, 2023.
             Killed from afar by a red draconian scorcher (32 damage)
             ... with a searing blast
             ... on level 3 of the Abyss.
             The game lasted 00:00:55 (194 turns).

Warped the Shield-Bearer (Vine Stalker Fighter)      Turns: 194, Time: 00:00:56

Health: -21/11     AC:  6    Str: 18    XL:     1   Next: 70%
Magic:  0/2        EV:  9    Int:  8    God:
Gold:   9          SH:  4    Dex: 13    Spells: 0/0 levels left

rFire   . .          .
                       - Unarmed
rCold   . . .        b - +0 buckler
rNeg    . . .        a - +0 scale mail
rPois   .            (no helmet)
rElec   .            (no cloak)
rCorr   .            (no gloves)
SInv    .            (no boots)
Will    .....        (no amulet) Stlth
                     (no ring)
HPRegen 0.21/turn    (no ring)
MPRegen 0.08/turn

%: guardian spirit
@: no status effects
A: fangs 2, magic shield, antimagic bite, no potion heal 2
a: no special abilities


You were on level 3 of the Abyss.
You visited 1 branch of the dungeon, and saw 1 of its levels.
You visited the Abyss 1 time.

You collected 9 gold pieces.

Inventory:

Missiles
 d - 9 stones (quivered)
Armour
 a - a +0 scale mail (worn)
 b - a +0 buckler (worn)
Potions
 c - a potion of might


   Skills:
 - Level 2.6 Fighting
 - Level 2.4 Armour
 - Level 2.6 Shields
 + Level 2.4 Unarmed Combat


You couldn't memorise any spells.
You didn't know any spells.
Your spell library was empty.

Dungeon Overview and Level Annotations

Branches:
Dungeon (1/15)

Altars:

Shops:
D:1 (


Innate Abilities, Weirdness & Mutations

You have extremely sharp teeth.
When hurt, damage is shared between your health and your magic reserves.
Your bite disrupts and absorbs the magic of your enemies.
Potions cannot restore your health.


Message History

The kobold hits you with a +0 whip.
You closely miss the kobold. Your bite misses the kobold.
The kobold hits you but does no damage.
You barely miss the kobold. Your bite misses the kobold.
The kobold barely misses you.
You hit the kobold but do no damage. You bite the kobold. You drain its power.
The kobold is severely wounded.
The kobold hits you with a +0 whip.
You hit the kobold but do no damage.
The kobold is severely wounded.
The kobold misses you.
You closely miss the kobold.
The kobold is severely wounded.
The kobold hits you with a +0 whip. The kobold hits you but does no damage.
You are cast into the Abyss!
To return, you must find a gate leading back.
Killing monsters will force the Abyss to allow you passage.
This branch contains the abyssal rune of Zot.
No target in view!
No target in view!
No target in view!
Unknown command.
Magic restored.
HP restored.
Found a bloodstained altar of Trog.
A small abomination comes into view.
Found a gateway leading deeper into the Abyss.
There is a gateway leading deeper into the Abyss here.
You plunge deeper into the Abyss.
Unknown command.
Found a gateway leading deeper into the Abyss.
There is a gateway leading deeper into the Abyss here.
You plunge deeper into the Abyss.
The abyssal rune of Zot can be found at this depth.
A red draconian scorcher comes into view.
It is wielding a +0 long sword.
The red draconian scorcher roars!
The red draconian scorcher breathes fire at you.
The searing blast hits you!!
Ouch! That really hurt!
You die...

.#...#..##.# .... ..
.........#.D#....##..
.....##.#...#....##..
..#. .....#.##.#....
........#.##.#......
.........###.....# .
#.....##.......## ..
.......##..#..... .
.#..#....@...#.... ..
..........#...## .
.#...#....#.##.#
.#.#...#...#......
..q ............ ##
.....##...##. .......
...# ........ ...


You could see a red draconian scorcher (catching breath).

Vanquished Creatures
  An endoplasm (D:1)
  A goblin (D:1)
  A hobgoblin (D:1)
  A frilled lizard (D:1)
4 creatures vanquished.

Notes
Turn   | Place    | Note
-------+----------+-------------------------------------------
     0 | D:1      | Warped the Vine Stalker Fighter began the quest for the
                  | Orb.
     0 | D:1      | Reached XP level 1. HP: 11/11 MP: 2/2
    85 | D:1      | Found Juyceroe's Weapon Shop.
   118 | Abyss:1  | Cast into level 1 of the Abyss (kobold)
   135 | Abyss:1  | Found a bloodstained altar of Trog.
   141 | Abyss:1  | Noticed a small abomination
   172 | Abyss:2  | Noticed a small abomination
   182 | Abyss:3  | Noticed a bone dragon
   193 | Abyss:3  | Noticed a red draconian scorcher
   194 | Abyss:3  | Killed from afar by a red draconian scorcher

Illustrated notes

Levels and vault maps discovered:
D:1:      dpeg_arrival_another_circle, layout_loops_ring, serial_shops, shop,
          hellmonk_ecumenical_altar_inner_sanctum
Abyss:3:  base: D:1, hangedman_abyss_stitches_cave

Action                     || total
---------------------------++-------
  Melee: Unarmed           ||    11
         Bite              ||     3
 Armour: Scale mail        ||     5
  Dodge: Dodged            ||     2
